 Dungeon Crawl Stone Soup version 0.21.1-1-g345015fe64 (webtiles) character file.

697 Lavandula the Digger (level 7, 0/51 HPs)
             Began as a Barachi Earth Elementalist on July 19, 2018.
             Slain by an ogre
             ... wielding a +0 giant club
              (27 damage)
             ... on level 5 of the Dungeon.
             The game lasted 00:13:43 (2255 turns).

Lavandula the Digger (Barachi Earth Elementalist)   Turns: 2255, Time: 00:13:43

Health: 0/51       AC:  5    Str:  4    XL:     7   Next: 65%
Magic:  8/23       EV: 12    Int: 17    God:
Gold:   197        SH:  0    Dex: 13    Spells: 3/16 levels left

rFire    + . .     SeeInvis .   F - +8 mace "Nasuagh" {freeze, rF+ rC++ MP+9 Str-5}
rCold    + + .     Gourm    .   (no shield)
rNeg     . . .     Faith    .   m - +1 animal skin
rPois    .         Spirit   .   n - +0 helmet
rElec    .         Reflect  .   i - +0 cloak
rCorr    .         Harm     .   (no gloves)
MR       .....                  (no boots)
Stlth    ++........             (no amulet)
HPRegen  0.17/turn              (no ring)
MPRegen  0.18/turn              (no ring)

@: very slightly contaminated, slow
A: +LOS, swims, slowness 1, strong legs 1
a: Hop


You were on level 5 of the Dungeon.
You were very hungry.

You visited 1 branch of the dungeon, and saw 6 of its levels.

You collected 197 gold pieces.

Inventory:

Hand Weapons
 g - a +0 short sword
 k - a +0 dagger
 v - a -3 blowgun
 w - a +0 battleaxe
 x - a +2 flail of protection
 A - a cursed +0 short sword
 D - a +2 quarterstaff of chaos
 E - a +1 mace of crushing
 F - the +8 mace "Nasuagh" (weapon) {freeze, rF+ rC++ MP+9 Str-5}
   (You found it on level 5 of the Dungeon)

   It has been specially enchanted to freeze those struck by it, causing extra
   injury to most foes and up to half again as much damage against particularly
   susceptible opponents.
   It can also slow down cold-blooded creatures.
   It affects your strength (-5).
   It protects you from fire.
   It greatly protects you from cold.
   It affects your magic capacity (+9).
Missiles
 u - 12 poisoned needles
Armour
 c - a +0 robe
 i - a +0 cloak (worn)
 m - a +1 animal skin (worn)
 n - a +0 helmet (worn)
 y - a +0 scale mail
Wands
 j - a wand of scattershot (5)
 l - a wand of acid (3)
Scrolls
 b - 2 scrolls of fear {unknown}
 f - a scroll of magic mapping {unknown}
 h - a scroll of remove curse
 q - a scroll of enchant armour {unknown}
 r - a scroll of enchant weapon {unknown}
 t - a scroll of fog {unknown}
 z - a scroll of random uselessness {unknown}
Potions
 a - 2 potions of agility
 o - 5 potions of lignification
 p - a potion of flight {unknown}
 s - 3 potions of ambrosia
 B - a potion of might
 C - a potion of cancellation
Books
 e - a book of Geomancy

   Spells                             Type                      Level
   a - Sandblast                      Earth                        1
   b - Passwall                       Transmutation/Earth          2
   c - Stone Arrow                    Conjuration/Earth            3
   d - Petrify                        Transmutation/Earth          4
   e - Lee's Rapid Deconstruction     Earth                        5
Comestibles
 d - 4 rations


   Skills:
 - Level 2.4 Fighting
 - Level 4.2 Maces & Flails
 - Level 2.1 Dodging
 - Level 1.7 Stealth
 - Level 5.0 Spellcasting
 - Level 1.1 Transmutations
 + Level 5.6 Earth Magic


You had 3 spell levels left.
You knew the following spells:

 Your Spells              Type           Power        Failure   Level  Hunger
a - Sandblast             Erth           ###...       1%          1    None
b - Stone Arrow           Conj/Erth      ##....       13%         3    ###....
c - Petrify               Tmut/Erth      ###.....     34%         4    ####...
d - Lee's Rapid Deconstr  Erth           ###.......   36%         5    ######.


Dungeon Overview and Level Annotations

Branches:
Dungeon (6/15)
 Temple: D:4-7

Altars:
Elyvilon
Qazlal
Yredelemnul
The Shining One


Innate Abilities, Weirdness & Mutations

Shadows flee at your approach. (+LOS)
You can swim through water.
You cover ground slowly.
You can hop short distances.


Message History

Confirm with . or Enter, or press ? or * to list all spells.
Aiming: Stone Arrow
Press: ? - help, Shift-Dir - straight line, f/p - ogre
Aim: an ogre, wielding a giant club (moderately wounded)
The stone arrow hits the ogre.
The ogre is heavily wounded.
The ogre hits you but does no damage.
You barely miss the ogre.
The ogre is heavily wounded.
You barely miss the ogre.
The ogre is heavily wounded.
The ogre closely misses you.
You hit the ogre. You freeze the ogre.
The ogre is severely wounded.
The ogre hits you with a giant club!!
You hit the ogre. You freeze the ogre.
The ogre is severely wounded.
The ogre hits you with a giant club!!
Ouch! That really hurt!
You die...

. .# # ##.## .#.##.#
#.# ##...#.# #.#
#####......######.#####
......................
#.......#############
#.##..#...# #....#
##(....O.# #.##[#
#......@.######.##.#
#.#######........##.#
#.#####..##.#
####.#####..##.#
#...........##.#####
#############.......
#.###### ♣♣♣♣♣###.#
#####♣♣♣)♣)..##.#


You could see an ogre.

Vanquished Creatures
  2 ogres
  A centaur (D:5)
  A water moccasin skeleton (D:4)
  A crimson imp (D:5)
  A jelly (D:5)
  2 hounds (D:4)
  Crazy Yiuf (D:5)
  3 worker ants
  An orc wizard (D:4)
  Robin (D:2)
  4 adders
  2 oozes (D:1)
  2 adder skeletons (D:4)
  2 worms (D:2)
  A dart slug (D:3)
  A leopard gecko (D:2)
  9 orcs
  2 ball pythons
  6 bats
  A giant cockroach (D:2)
  16 goblins
  5 hobgoblins
  5 jackals
  A quokka (D:4)
  4 frilled lizards
  7 kobolds
  2 rats
84 creatures vanquished.

Notes
Turn   | Place    | Note
-------+----------+-------------------------------------------
     0 | D:1      | Lavandula the Barachi Earth Elementalist began the quest for the Orb.
     0 | D:1      | Reached XP level 1. HP: 13/13 MP: 3/3
   100 | D:1      | Reached XP level 2. HP: 8/19 MP: 0/5
   560 | D:2      | Reached XP level 3. HP: 19/24 MP: 2/8
   565 | D:2      | Learned a level 3 spell: Stone Arrow
   582 | D:2      | Found a basalt altar of Yredelemnul.
   854 | D:2      | Reached XP level 4. HP: 30/30 MP: 8/10
   892 | D:2      | Noticed Robin
   915 | D:2      | Killed Robin
  1011 | D:2      | Found a stormy altar of Qazlal.
  1098 | D:3      | Found a white marble altar of Elyvilon.
  1278 | D:3      | Reached skill level 5 in Spellcasting
  1324 | D:3      | Learned a level 4 spell: Petrify
  1435 | D:3      | Found a glowing golden altar of the Shining One.
  1477 | D:4      | Reached XP level 5. HP: 34/35 MP: 8/12
  1563 | D:4      | Reached skill level 1 in Maces & Flails
  1573 | D:4      | Reached XP level 6. HP: 6/41 MP: 2/13
  1844 | D:5      | Entered Level 5 of the Dungeon
  1879 | D:5      | Reached XP level 7. HP: 40/51 MP: 1/14
  1890 | D:5      | Learned a level 5 spell: Lee's Rapid Deconstruction
  2034 | D:5      | Reached skill level 5 in Earth Magic
  2188 | D:5      | Found a runed door.
  2192 | D:5      | Noticed Crazy Yiuf
  2195 | D:5      | Killed Crazy Yiuf
  2203 | D:5      | Got a brightly glowing mace
  2205 | D:5      | Identified the +8 mace "Nasuagh" {freeze, rF+ rC++ MP+9 Str-5} (You found it on level 5 of the Dungeon)
  2255 | D:5      | Slain by an ogre

Skill      XL: |  1  2  3  4  5  6  7 |
---------------+----------------------+-----
Spellcasting   | 3 4 5 |  5.0
Earth Magic    | 4 5 |  5.6
Maces & Flails | 2 4 |  4.2
Fighting       | 2 |  2.4
Dodging        | |  2.1
Stealth        | |  1.7
Transmutations | |  1.1

Action                   |  1- 3 |  4- 6 |  7- 9 || total
-------------------------+-------+-------+-------++-------
Melee: Unarmed           |     3 |       |       ||     3
       Short sword       |    16 |       |       ||    16
       Dagger            |    12 |    44 |       ||    56
       Flail             |       |    31 |    46 ||    77
       Mace              |       |       |     4 ||     4
 Fire: Blowgun           |       |     3 |       ||     3
 Cast: Sandblast         |    45 |    55 |       ||   100
       Stone Arrow       |       |    10 |    13 ||    23
 Abil: Hop               |     2 |     3 |     1 ||     6
Evoke: Wand              |       |     4 |       ||     4
  Use: Scroll            |       |     5 |     2 ||     7
 Stab: Sleeping          |     2 |     3 |       ||     5
  Eat: Chunk             |       |     3 |     3 ||     6
Armor: Robe              |    18 |     5 |       ||    23
       Animal skin       |       |    48 |    17 ||    65
Dodge: Dodged            |    38 |    92 |    25 ||   155
